AoeStats
← A. Government

Arena

509092814Analyzed
1v1 RM · 8d ago on Sep 25, 2026· 64m 20s· 2 players
Game mode
Random Map
Map size
Tiny (2 player)
Population
200
Speed
Normal
Resources
Standard
Victory
Conquest
Starting age
Dark Age
Ending age
Imperial Age
RankedLock teamsTeams togetherTeam positionsShared explorationLock speedFull tech treeHidden civsTurbo modeCheats
Victory
Defeat
🇬🇧 Bohemians · United Kingdom
1051
+15
🇩🇪 Bohemians · Germany
1038
-15
A. Government
10:54 Feudal Age
12:13 Loom
15:12 Castle Age
13:12 Horse Collar
13:49 Double-Bit Axe
20:04 Heavy Plow
21:01 Bow Saw
24:30 Fletching
25:20 Bodkin Arrow
26:50 Wheelbarrow
27:07 Ballistics
29:44 Town Watch
33:02 Imperial Age
30:25 Town Watch
30:56 Hand Cart
32:27 Chemistry
31:49 Padded Archer Armor
32:55 Leather Archer Armor
33:08 Town Patrol
32:50 Crossbowman
33:52 Masonry
33:37 Murder Holes
34:21 Siege Engineers
35:58 Arbalester
40:02 Two-Man Saw
41:24 Forging
41:20 Scale Barding Armor
41:16 Bracer
41:13 Light Cavalry
41:55 Husbandry
43:36 Architecture
45:46 Iron Casting
49:18 Chain Barding Armor
54:11 Houfnice
61:32 Blast Furnace
Cereal_Killer
10:33 Feudal Age
14:12 Castle Age
12:24 Double-Bit Axe
13:03 Horse Collar
15:39 Loom
18:28 Loom
18:57 Atonement
21:28 Redemption
21:15 Pikeman
25:58 Fervor
25:51 Devotion
26:17 Sanctity
30:09 Imperial Age
31:33 Chemistry
31:33 Theocracy
31:14 Block Printing
32:08 Halberdier
39:19 Siege Engineers
40:27 Houfnice
47:23 Bow Saw
60:39 Cavalier
63:35 Light Cavalry
Connection lost

Rejoining the realm…

Still unreachable

The connection could not be restored.

Session expired

The server has moved on; the page needs a fresh start.